 Dungeon Crawl Stone Soup version 0.30-a0-879-ga8ba668304 (webtiles) character file.

Game seed: 17746683026142565598

20262 freelancePsychic the Carver (level 13, -11/109 HPs)
             Began as a Meteoran Wanderer on Mar 13, 2023.
             Was a Follower of Hepliaklqana.
             Mangled by a polar bear (15 damage)
             ... on level 4 of the Lair of Beasts.
             The game lasted 00:35:04 (7033 turns).

freelancePsychic the Carver (Meteoran Wanderer)     Turns: 7033, Time: 00:35:05

Health: -11/109    AC: 11    Str:  9    XL:     13   Next: 40%
Magic:  25/25      EV: 18    Int: 18    God:    Hepliaklqana [*.....]
Gold:   791        SH:  0    Dex: 22    Spells: 13/14 levels left

rFire   . . .      SeeInvis .    A - +9 demon blade (drain)
rCold   . . .      Faith    +    (no shield)
rNeg    . . .      Spirit   .    h - +0 ring mail
rPois   .          Reflect  .    e - +0 helmet
rElec   .          Rampage  .    b - +2 cloak
rCorr   .                        (no gloves)
Will    +....                    (no boots)
Stlth   +                        w - amulet of faith
HPRegen 0.38/turn                l - ring of flight
MPRegen 0.19/turn                R - ring of magical power

@: about to teleport, flying, glowing, fire susceptible, unable to drink
A: reduced essence, sense surroundings 2, otherworldly, glowing, explore regen,
clever 1, screaming 1, subdued magic 1, inability to drink after injury 1
a: Renounce Religion, Recall Ancestor, Ancestor Identity


You were on level 4 of the Lair of Beasts.
You worshipped Hepliaklqana.
Hepliaklqana was aware of your devotion.
You visited 3 branches of the dungeon, and saw 17 of its levels.
You also visited: Sewer.

You collected 974 gold pieces.
You spent 183 gold pieces at shops.

Inventory:

Hand Weapons
 A - a +9 demon blade of draining (weapon)
Missiles
 x - 4 curare-tipped darts
Armour
 b - a +2 cloak (worn)
 d - a +0 robe
 e - a +0 helmet (worn)
 h - a +0 ring mail (worn)
 n - a scarf of repulsion
 I - a +0 chain mail of fire resistance
 N - a +0 troll leather armour
Jewellery
 g - a +6 ring of strength
 i - a ring of ice
 l - a ring of flight (left hand)
 w - an amulet of faith (around neck)
 O - an amulet of guardian spirit
 R - a ring of magical power (right hand)
Wands
 a - a wand of mindburst (7)
 C - a wand of iceblast (11)
 F - a wand of acid (4)
 K - a wand of charming (1)
Scrolls
 c - 4 scrolls of immolation
 k - 4 scrolls of noise
 r - 2 scrolls of amnesia
 s - 5 scrolls of teleportation {@r4}
 y - 4 scrolls of fog
 z - a scroll of vulnerability
 L - a scroll of poison
 M - a scroll of summoning
Potions
 f - 6 potions of haste {@q3}
 m - 2 potions of magic
 o - 3 potions of ambrosia
 p - 2 potions of lignification
 q - 3 potions of curing {@q1}
 t - a potion of heal wounds {@q2}
 u - a potion of brilliance
 B - a potion of degeneration
 H - a potion of attraction
 P - a potion of flight


   Skills:
 + Level 13.3 Fighting
 - Level 14.0 Long Blades
 + Level 6.6 Armour
 - Level 12.0 Dodging
 - Level 1.7 Stealth
 - Level 1.3 Spellcasting
 - Level 3.5 Ice Magic
 - Level 5.0 Evocations


You had 13 spell levels left.
You knew the following spells:

 Your Spells              Type           Power      Damage    Failure   Level
a - Freeze                Ice            40%        1d6       9%          1

Your spell library contained the following spells:

 Spells                   Type           Power      Damage    Failure   Level
 Ozocubu's Armour         Ice            10%        N/A       28%         3
 Ensorcelled Hibernation  Hex/Ice        10%        N/A       30%         2
 Hailstorm                Conj/Ice       5%         3d4       52%         3
 Spider Form              Tmut/Pois      0%         N/A       77%         3
 Anguish                  Hex/Necr       0%         N/A       99%         4


Dungeon Overview and Level Annotations

Branches:
Dungeon (13/15) Zot: 1688  Temple (1/1) D:4 Zot: 598    Lair (4/5) D:11 Zot: 1222
 Shoals (0/4) Lair:2        Slime (0/5) Lair:4          Orc (0/2) D:9
  Sewer (visited)
  Snake: Lair:2-3    Spider: Lair:2-3    Vaults: D:13-14

Altars:
Cheibriados
Dithmenos
Fedhas
Hepliaklqana
Kikubaaqudgha
Makhleb
Nemelex Xobeh
Qazlal
Sif Muna
Wu Jian
Yredelemnul
Zin
Ignis

Shops:
D:2 *   D:5 *   D:8 =

Annotations:
D:6 3 runed translucent doors, ZoeForever1's ghost, novice DsRe; pigah's ghost, novice OpWn
Lair:2 Urug
Lair:4 1 runed translucent door


Innate Abilities, Weirdness & Mutations

Your life essence is reduced to manifest your ancestor. (-10% HP)
You passively map the area around you.
You are easily found by Zot.
You glow in the dark.
You regain HP and MP as you explore.
Your mind is acute. (Int +4, Str/Dex -1)
You occasionally shout uncontrollably at your foes.
Your spells are a little easier to cast, but a little less powerful.
You occasionally lose the ability to drink potions when taking damage.


Message History

You hit the elephant.
The elephant is moderately wounded.
The elephant tramples you.
* * * LOW HITPOINT WARNING * * *
You hold your ground!
The elephant completely misses you. The polar bear bites you!
* * * LOW HITPOINT WARNING * * *
The polar bear claws you but does no damage.
The polar bear barely misses you.
You slash the elephant! You drain the elephant.
The elephant is heavily wounded.
Titus hits the elephant!
You cannot drink potions in your current state!
You barely miss the elephant.
The elephant is heavily wounded.
The elephant tramples you!
* * * LOW HITPOINT WARNING * * *
You hold your ground!
The elephant closely misses you. The polar bear barely misses you.
The polar bear claws you but does no damage.
The polar bear misses you.
Titus hits the elephant.
As you read the scroll of teleportation {@r4}, it crumbles to dust.
You feel strangely unstable. The polar bear bites you.
* * * LOW HITPOINT WARNING * * *
The polar bear closely misses you. The polar bear claws you.
* * * LOW HITPOINT WARNING * * *
The elephant misses you. The elephant barely misses you.
Titus barely misses the elephant.
Okay, then.
The polar bear attacks as you move away!
The polar bear bites you but does no damage.
The polar bear claws you but does no damage.
The polar bear closely misses you. The elephant attacks as you move away!
The elephant barely misses you.
The elephant trunk-slaps you but does no damage.
The elephant tramples Titus!
Titus holds his ground!
The elephant trunk-slaps Titus.
Titus hits the elephant.
The polar bear attacks as you move away!
The polar bear bites you!
You die...

**,#..##..#.##.##.P.#,###
* #..(#..###.##.#..#...#
,,+.8.#.......#.#....>..
,*#....#......#........#
#....#.##.#.......##.# *
#.............### .
**##....8.†..####
##....†..## ,* *
#@8...8.# , *#####,
##hR.....# ,, ,,,
.....###.†Y.8....# ,,
...................,
*#.#....†.##.#.##... , *
, *........#......#... *
, , , *.<..............#
, , * ...###..##......# ,
, ,#.* ##.#*.#.##.# + ,


You could see the friendly Titus the ancestor, an elephant (drained, ally
target) and a polar bear.

Vanquished Creatures
  Josephine (D:11)
  5 two-headed ogres
  Lodul (D:11)
  A harpy (Lair:2)
  2 black mambas (Lair:2)
  4 elephants (Lair:4)
  2 rust devils
  4 cane toads
  2 gargoyles
  A rime drake (Lair:4)
  A komodo dragon (Lair:4)
  4 trolls
  A queen bee (D:9)
  A hornet (D:7)
  4 wraiths
  A shadow (D:10)
  2 wyverns
  2 fire elementals (Lair:2)
  8 yaks (D:10)
  A basilisk (Lair:2)
  Grum (D:11)
  A steam dragon (D:9)
  4 water moccasins
  A sky beast (D:7)
  4 orc warriors
  2 ice beasts
  4 ogres (D:11)
  2 centaurs
  3 wolves (D:11)
  A phantom (D:6)
  5 kobold brigands
  8 bullfrogs
  A scorpion (D:6)
  28 killer bees
  A howler monkey (D:6)
  2 vampire bats (D:3)
  A jelly (D:5)
  2 hounds
  6 orc priests
  Jessica (D:2)
  10 orc wizards
  2 iguanas
  3 gnolls
  11 adders
  5 river rats (Sewer)
  2 shadow imps
  A white imp (D:6)
  3 dart slugs
  30 orcs
  16 ball pythons
  2 endoplasms
  4 giant cockroaches
  3 goblins
  4 hobgoblins
  6 jackals
  29 kobolds
  4 quokkas
  7 bats
  9 frilled lizards
  28 rats
305 creatures vanquished.

Vanquished Creatures (collateral kills)
  A two-headed ogre (D:11)
  2 blink frogs (Lair:2)
  A fire elemental (Lair:2)
  4 ogres (D:11)
8 creatures vanquished.

Vanquished Creatures (others)
  An orc wizard (D:6)
  22 foxfires
  3 fungi
  3 plants
  13 toadstools (D:10)
42 creatures vanquished.

Grand Total: 355 creatures vanquished

Notes
Turn   | Place    | Note
-------+----------+-------------------------------------------
     0 | D:1      | freelancePsychic the Meteoran Wanderer began the quest for
                  | the Orb.
     0 | D:1      | freelancePsychic set off with the following items: a +0
                  | falchion, a +0 cloak, a potion of berserk rage, a +0 robe;
                  | and the following spell memorised: Freeze; and the
                  | following spells available to memorise: Ozocubu's Armour,
                  | Hailstorm.
     0 | D:1      | Reached XP level 1. HP: 16/16 MP: 3/3
    96 | D:1      | Reached XP level 2. HP: 23/23 MP: 5/5
   265 | D:2      | Found a faded altar of an unknown god.
   275 | D:2      | Prayed at the altar of an unknown god.
   275 | D:2      | Became a worshipper of Ignis, the Dying Flame
   358 | D:2      | Reached XP level 3. HP: 28/28 MP: 6/6
   363 | D:2      | Reached skill level 3 in Long Blades
   462 | D:2      | Found Panod's Assorted Antiques.
   467 | D:2      | Bought a scroll labelled CEFOUNW URCHOL for 27 gold pieces
   467 | D:2      | Bought a scroll labelled QUYLUO RUVEBUADD for 27 gold
                  | pieces
   467 | D:2      | Bought a scroll of identify for 54 gold pieces
   487 | D:2      | Noticed Jessica
   506 | D:2      | Killed Jessica
   507 | D:2      | Reached skill level 1 in Dodging
   507 | D:2      | Reached XP level 4. HP: 7/36 MP: 7/7
   664 | D:3      | Reached skill level 4 in Long Blades
   664 | D:3      | Reached XP level 5. HP: 36/42 MP: 8/8
   730 | D:3      | Reached XP level 6. HP: 50/50 MP: 9/9
   951 | D:3      | Reached skill level 5 in Long Blades
  1058 | D:4      | Found a glowing drain.
  1078 | Sewer    | Entered a sewer
  1238 | Sewer    | Reached XP level 7. HP: 39/57 MP: 10/10
  1321 | Sewer    | Reached skill level 6 in Long Blades
  1525 | D:2      | Bought a scroll labelled ZIXZACIUZE for 27 gold pieces
  1525 | D:2      | Bought a metallic inky potion for 24 gold pieces
  1525 | D:2      | Bought a metallic inky potion for 24 gold pieces
  1804 | D:4      | Found a staircase to the Ecumenical Temple.
  1819 | Temple   | Entered the Ecumenical Temple
  1905 | D:5      | Entered Level 5 of the Dungeon
  1930 | D:5      | Found Wiyfrywn's Elemental Accessories.
  1939 | D:5      | Found a hazy altar of Hepliaklqana.
  2010 | D:5      | Reached XP level 8. HP: 46/65 MP: 11/11
  2374 | D:6      | Reached skill level 7 in Long Blades
  2549 | D:6      | Found a shadowy altar of Dithmenos.
  2572 | D:6      | Reached skill level 5 in Fighting
  2572 | D:6      | Reached skill level 8 in Long Blades
  2572 | D:6      | Reached skill level 5 in Dodging
  2628 | D:6      | Found a runed translucent gate.
  2629 | D:6      | Found a runed translucent gate.
  2629 | D:6      | Found a runed translucent gate.
  2630 | D:6      | Noticed pigah's ghost (novice OpWn)
  2630 | D:6      | Noticed ZoeForever1's ghost (novice DsRe)
  2735 | D:7      | Gained mutation: You passively map the area around you.
                  | [Meteoran growth]
  2735 | D:7      | Reached XP level 9. HP: 17/74 MP: 12/12
  2873 | D:7      | Found an ornate altar of the Wu Jian Council.
  2899 | D:7      | Reached skill level 9 in Long Blades
  2959 | D:7      | Noticed a hornet
  2964 | D:7      | Killed a hornet
  2980 | D:7      | Identified the +6 falchion of Gozag, Gazing {flame, rF++
                  | rN+}
  2993 | D:7      | Reached skill level 10 in Long Blades
  3012 | D:7      | Reached XP level 10. HP: 74/84 MP: 13/13
  3094 | D:7      | Found a shimmering blue altar of Sif Muna.
  3149 | D:7      | Found a burning altar of Makhleb.
  3153 | D:7      | Noticed a balrug
  3154 | D:7      | Found a glowing silver altar of Zin.
  3155 | D:7      | Noticed an angel
  3257 | D:8      | Found Rizysaf's Jewellery Boutique.
  3324 | D:8      | Reached skill level 11 in Long Blades
  3362 | D:8      | Noticed a two-headed ogre
  3370 | D:8      | Killed a two-headed ogre
  3589 | D:9      | Reached skill level 12 in Long Blades
  3603 | D:9      | Found an ancient bone altar of Kikubaaqudgha.
  3646 | D:9      | Found a staircase to the Orcish Mines.
  3873 | D:9      | Reached XP level 11. HP: 30/94 MP: 14/14
  3974 | D:10     | Entered Level 10 of the Dungeon
  3976 | D:10     | Found a stormy altar of Qazlal.
  4070 | D:10     | Reached skill level 13 in Long Blades
  4461 | D:10     | Found a blossoming altar of Fedhas.
  4611 | D:11     | Reached skill level 14 in Long Blades
  4630 | D:11     | You are sucked into a shaft and drop 2 floors!
  4729 | D:12     | Noticed a two-headed ogre
  4737 | D:12     | Killed a two-headed ogre
  4738 | D:12     | Reached skill level 10 in Dodging
  4818 | D:12     | Noticed a boulder beetle
  4852 | D:12     | Noticed a purple ugly thing
  4897 | D:11     | Found a sparkling altar of Nemelex Xobeh.
  4948 | D:11     | Noticed Lodul
  4956 | D:11     | Noticed a two-headed ogre
  4969 | D:11     | Killed a two-headed ogre
  4970 | D:11     | Reached XP level 12. HP: 101/106 MP: 15/15
  4975 | D:11     | Killed Lodul
  4981 | D:11     | Reached skill level 10 in Fighting
  5137 | D:11     | Noticed Grum
  5141 | D:11     | Noticed a two-headed ogre
  5149 | D:11     | Banished a two-headed ogre
  5150 | D:11     | Reached skill level 5 in Evocations
  5163 | D:11     | Killed Grum
  5188 | D:11     | Noticed Josephine
  5197 | D:11     | Killed Josephine
  5240 | D:11     | Found a staircase to the Lair.
  5307 | D:11     | Noticed a two-headed ogre
  5316 | D:11     | Killed a two-headed ogre
  5378 | D:11     | Noticed a two-headed ogre
  5388 | D:11     | Killed a two-headed ogre
  5848 | D:10     | Identified the +0 halberd of Misery {antimagic, SInv}
  5885 | Lair:1   | Entered Level 1 of the Lair of Beasts
  5905 | Lair:1   | Reached skill level 1 in Armour
  5938 | Lair:1   | Gained mutation: You occasionally lose the ability to drink
                  | potions when taking damage. [potion of mutation]
  5938 | Lair:1   | Gained mutation: Your flesh is cold resistant. (rC+)
                  | [potion of mutation]
  5938 | Lair:1   | Gained mutation: You occasionally lose the ability to read
                  | scrolls when taking damage. [potion of mutation]
  5938 | Lair:1   | Gained mutation: You have a pair of small horns on your
                  | head. [potion of mutation]
  5939 | Lair:1   | Lost mutation: You have a pair of small horns on your head.
                  | [potion of mutation]
  5939 | Lair:1   | Lost mutation: You occasionally lose the ability to read
                  | scrolls when taking damage. [potion of mutation]
  5939 | Lair:1   | Lost mutation: Your flesh is cold resistant. (rC+) [potion
                  | of mutation]
  5939 | Lair:1   | Gained mutation: Your spells are a little easier to cast,
                  | but a little less powerful. [potion of mutation]
  5939 | Lair:1   | Gained mutation: You are occasionally teleported next to
                  | monsters. [potion of mutation]
  5940 | Lair:1   | Gained mutation: Your mind is acute. (Int +4, Str/Dex -1)
                  | [mutagenic glow]
  6215 | D:9      | Noticed a two-headed ogre
  6226 | D:9      | Killed a two-headed ogre
  6233 | D:9      | Identified a scroll of acquirement
  6233 | D:9      | Acquired a +5 demon blade of venom
  6240 | D:9      | Lost mutation: You are occasionally teleported next to
                  | monsters. [mutagenic glow]
  6247 | D:9      | Gained mutation: You occasionally shout uncontrollably at
                  | your foes. [mutagenic glow]
  6418 | D:5      | Fell from the grace of Ignis
  6418 | D:5      | Became a worshipper of Hepliaklqana the Forgotten
  6664 | Lair:1   | You are sucked into a shaft and drop 1 floor!
  6732 | Lair:2   | Reached XP level 13. HP: 82/119 MP: 16/16
  6816 | Lair:2   | Found a staircase to the Shoals.
  6832 | Lair:2   | Noticed a four-headed hydra
  6859 | Lair:2   | Identified the +1 leather armour "Yzaomuk" {-Tele rF+
                  | Dex+2}
  6861 | Lair:2   | Noticed Urug
  6905 | Lair:2   | Reached skill level 5 in Armour
  6927 | Lair:2   | Reached * piety under Hepliaklqana
  6933 | Lair:2   | You are sucked into a shaft and drop 2 floors!
  6933 | Lair:4   | Found a runed translucent door.
  6933 | Lair:4   | Found a staircase to the Slime Pits.
  7031 | Lair:4   | HP: 4/109 [polar bear (3)]
  7033 | Lair:4   | Mangled by a polar bear

Illustrated notes

Levels and vault maps discovered:
D:1:      mainiacjoe_arrival_reflecting_pool, layout_loops_cross
D:2:      layout_loops_cross, serial_shops, shop_fountains,
          ebering_ecumenical_altar_ruins, minmay_unequal, uniq_jessica
D:3:      minmay_spotlight, layout_loops_ring, kennysheep_okawaru_gauntlet,
          serial_bayou_pond_d, minmay_misc_feat_hallway, roderic_batcave,
          serial_bayou_pond_d
D:4:      layout_loops_ring, minmay_temple_entry_trees, portal_sewer_entry_f,
          uniq_sigmund
D:5:      layout_loops_ring, mainiacjoe_overflow_small_starburst,
          gammafunk_ghost_nasty_kobolds, serial_shops, shop,
          nicolae_elemental_shop, minivault_25, nicolae_figureground_pulse,
          uniq_eustachio
D:6:      layout_rooms, mainiacjoe_overflow_cross_hatched,
          gammafunk_ghost_cemetery, minmay_increasing_density
D:7:      layout_loops_ring, grunt_temple_overflow_order_and_chaos_2,
          mainiacjoe_overflow_paths, nzn_wu_jian_contemplation,
          hangedman_decor_growths, hellmonk_bongcloud_opening
D:8:      layout_loops_corners, serial_shops, shop
D:9:      layout_loops_ring, kennysheep_little_box, orc_0_dummy,
          serial_co_window_serial, co_window_paths_a, co_window_paths_a,
          co_window_paths_a, co_window_paths_a, co_window_corner_a,
          co_window_corner_a, co_window_corner_a, co_window_cross_2,
          co_window_of_opportunity_b, co_window_2corner, co_window_corner_b,
          co_window_paths_c, co_window_paths_e, co_window_4corner_b, minivault_7
D:10:     cheibrodos_iron_armory, layout_stronghold,
          mainiacjoe_overflow_surrounded_room, tgw_fedhas, nicolae_titane
D:11:     layout_basic, lair_entry_dummy, hangedman_abyss_or_decor_stabs,
          nemelex_altar_shiori, uniq_josephine, uniq_lodul, uniq_grum
D:12:     layout_stronghold
D:13:     layout_cave_pools, nrook_guardian_serpent_ordinary, uniq_maurice
Temple:   nicolae_temple_hex_pool
Lair:1:   layout_cave_pods, chequers_serial_rivers_small_a, lemuel_fruit_fields
Lair:2:   layout_cave_pods, nicolae_shoals_entry_roost, uniq_maggie, uniq_urug
Lair:4:   layout_gridlike, slime_entry_2, beast_lair_carwin_1,
          grunt_megastairs_4, uniq_rupert

Skill      XL: |  1  2  3  4  5  6  7  8  9 10 11 12 13 |
---------------+----------------------------------------+-----
Long Blades    | 3 4 5 6 8 10 12 14 | 14.0
Fighting       | 2 3 4 5 6 8 9 12 13 | 13.3
Dodging        | 1 2 3 4 5 7 8 10 12 | 12.0
Evocations     | 3 5 |  5.0
Armour         | 3 6 |  6.6
Stealth        | |  1.7
Spellcasting   | |  1.3
Ice Magic      | |  3.5

Action                     |  1- 3 |  4- 6 |  7- 9 | 10-12 | 13-15 || total
---------------------------+-------+-------+-------+-------+-------++-------
  Melee: Falchion          |    96 |   169 |    56 |       |       ||   321
         Punch             |     1 |     1 |     2 |     4 |       ||     8
         Long sword        |       |       |   134 |   398 |       ||   532
         Demon blade       |       |       |       |    34 |    57 ||    91
   Cast: Freeze            |     2 |       |       |       |       ||     2
 Invoke: Foxfire Swarm     |     1 |       |     1 |       |       ||     2
         Fiery Armour      |       |     1 |     2 |     5 |       ||     8
         Recall Ancestor   |       |       |       |       |     1 ||     1
  Evoke: Wand              |       |       |       |     7 |     6 ||    13
    Use: Scroll            |     4 |     3 |     6 |    10 |     5 ||    28
         Potion            |     1 |       |       |    11 |       ||    12
   Stab: Distracted        |       |       |       |       |     1 ||     1
 Armour: Robe              |     4 |       |       |       |       ||     4
         Ring mail         |    48 |   115 |   120 |   117 |    27 ||   427
  Dodge: Dodged            |    75 |   106 |   116 |   237 |    51 ||   585

Table legend: (Time is in decaauts)
 A = Elapsed time spent in this place.
 B = Non-inter-level travel time spent in this place.
 C = Inter-level travel time spent in this place.
 D = Time resting spent in this place.
 E = Time spent auto-exploring this place.
 F = Levels seen in this place.
 G = Mean time per level.
                   A        B        C        D        E       F      G
               +--------+--------+--------+--------+--------+-----+--------+
         Total |   6998 |   5653 |   1345 |    374 |    192 |  18 |  388.8 |
       Dungeon |   6111 |   4808 |   1303 |    350 |    115 |  13 |  470.1 |
        Temple |      1 |      1 |      0 |      0 |      0 |   1 |    1.0 |
          Lair |    576 |    535 |     41 |     24 |     61 |   3 |  192.0 |
         Sewer |    308 |    308 |      0 |      0 |     16 |   1 |  308.0 |
               +--------+--------+--------+--------+--------+-----+--------+

Top non-repeatable levels by time:
    D:11: 1098 daAuts
    D:10: 688 daAuts
     D:9: 610 daAuts
     D:3: 579 daAuts
     D:6: 562 daAuts
     D:2: 451 daAuts
     D:7: 441 daAuts
     D:5: 430 daAuts
     D:4: 359 daAuts
     D:8: 357 daAuts
     D:1: 310 daAuts
   Sewer: 308 daAuts
  Lair:2: 255 daAuts
  Lair:1: 235 daAuts
    D:12: 158 daAuts
